 Dungeon Crawl Stone Soup version 0.29-a0-1047-g7c58e119a4 (webtiles) character file.

Game seed: 15560640867675916640

88 ytrimaz the Insei (level 4, -2/32 HPs)
             Began as a Demonspawn Transmuter on Aug 16, 2022.
             Shot with an arrow by a centaur (4 damage)
             ... on level 4 of the Dungeon.
             The game lasted 00:02:15 (2253 turns).

ytrimaz the Insei (Demonspawn Transmuter)           Turns: 2253, Time: 00:02:15

Health: -2/32      AC:  3    Str: 11    XL:     4   Next: 29%
Magic:  5/8        EV: 12    Int: 16    God:
Gold:   184        SH:  0    Dex: 13    Spells: 3/9 levels left

rFire   . . .      SeeInvis .     - Unarmed
rCold   . . .      Faith    .   (no shield)
rNeg    . . .      Spirit   .   a - +0 robe
rPois   .          Reflect  .   (helmet restricted)
rElec   .          Harm     .   c - +0 cloak
rCorr   .          Rampage  .   (no gloves)
Will    .....                   (no boots)
Stlth   +.........              (no amulet)
HPRegen 0.10/turn               (no ring)
MPRegen 0.11/turn               (no ring)

@: very slightly contaminated
A: horns 1, powered by death 1
a: no special abilities


You were on level 4 of the Dungeon.
You visited 1 branch of the dungeon, and saw 3 of its levels.

You collected 184 gold pieces.

Inventory:

Armour
 a - a +0 robe (worn)
 c - a +0 cloak (worn)
Potions
 b - a potion of lignification
 d - a potion of heal wounds {unknown}
 e - 3 potions of curing
 h - 2 potions of haste
 j - 2 potions of mutation {unknown}


   Skills:
 - Level 1.0 Fighting
 - Level 1.7 Dodging
 + Level 3.9 Unarmed Combat
 * Level 3.2 Spellcasting
 - Level 1.7 Transmutations


You had 3 spell levels left.
You knew the following spells:

 Your Spells              Type           Power      Damage    Failure   Level
a - Beastly Appendage     Tmut           16%        N/A       9%          1
b - Wereblood             Tmut           8%         N/A       14%         2
c - Spider Form           Tmut/Pois      5%         N/A       36%         3

Your spell library contained the following spells:

 Spells                   Type           Power      Damage    Failure   Level
 Slow                     Hex            8%         N/A       19%         1
 Confusing Touch          Hex            2%         N/A       50%         3
 Vampiric Draining        Necr           2%         2d6       50%         3
 Ice Form                 Ice/Tmut       5%         N/A       77%         4


Dungeon Overview and Level Annotations

Branches:
Dungeon (4/15)
 Temple: D:4-7

Altars:


Innate Abilities, Weirdness & Mutations

You have a pair of small horns on your head.
You regenerate a little health from kills.


Message History

Unknown command.
As you read the scroll labelled DYINTY FAKOSEXT, it crumbles to dust.
Magic quickly surges around you.
It was a scroll of vulnerability.
Unknown command.
A sourceless malevolence fills the Dungeon...
You fall into a shaft and drop 2 floors!
The shaft crumbles and collapses.
Found 12 gold pieces, a great sword and a fizzy orange potion.
Found a stone staircase leading down.
You now have 184 gold pieces (gained 12).
You feel your willpower return.
j - 2 fizzy orange potions (gained 1)
Found a cloak.
Unknown command.
A centaur comes into view.
A centaur is nearby!
A centaur is nearby!
Found a long sword.
The centaur shouts!
The centaur wields a +0 shortbow.
The centaur shoots an arrow.
The arrow barely misses you.
The centaur shoots an arrow.
The arrow hits you!
The centaur shoots an arrow.
The arrow hits you.
Okay, then.
Unknown command.
Okay, then.
Okay, then.
As you read the scroll of identify, it crumbles to dust.
h - 2 potions of haste The centaur shoots an arrow.
The arrow hits you!
Unknown command.
Casting: Beastly Appendage (safe; 9% risk of failure)
Confirm with . or Enter, or press ? or * to list all spells.
The spell is quite dangerous to miscast (36% risk of failure)!
Continue anyway?
You miscast Spider Form.
You are very lightly contaminated with residual magic.
Nothing appears to happen.
The centaur shoots an arrow.
The arrow hits you!
* * * LOW HITPOINT WARNING * * *
The centaur shoots an arrow.
The arrow hits you.
You die...

#......$.#
#c.......)
#........#
#........#
#.....[...
#........#####...
#.#####...).....
#.# ##........##
#@# #..........#
#.# #..........#
#.# #..........#
#.# #..........#
#.# #..........#
#.# ##........###
#.# ##...........
#.# #..........##
##.##
#............


You could see a centaur.

Vanquished Creatures
  4 gnolls (D:2)
  An adder (D:2)
  A dart slug (D:2)
  4 endoplasms
  2 giant cockroaches (D:2)
  2 goblins (D:2)
  2 hobgoblins
  5 jackals (D:1)
  6 kobolds
  2 ball pythons (D:1)
  2 bats (D:1)
  A frilled lizard (D:2)
  9 rats
41 creatures vanquished.

Notes
Turn   | Place    | Note
-------+----------+-------------------------------------------
     0 | D:1      | ytrimaz the Demonspawn Transmuter began the quest for the
                  | Orb.
     0 | D:1      | Reached XP level 1. HP: 15/15 MP: 3/3
   223 | D:1      | Mutation became permanent: You have a pair of small horns
                  | on your head. [demonic ancestry]
   223 | D:1      | Gained mutation: You have a pair of horns on your head.
                  | [demonic ancestry]
   223 | D:1      | Reached XP level 2. HP: 14/21 MP: 3/5
  1169 | D:2      | Gained mutation: You regenerate a little health from kills.
                  | [demonic ancestry]
  1169 | D:2      | Reached XP level 3. HP: 23/26 MP: 5/7
  1428 | D:1      | Learned a level 2 spell: Wereblood
  1432 | D:1      | Learned a level 3 spell: Spider Form
  1535 | D:2      | Reached XP level 4. HP: 25/32 MP: 1/8
  2188 | D:2      | You fall into a shaft and drop 2 floors!
  2222 | D:4      | Noticed a centaur
  2253 | D:4      | Shot with an arrow by a centaur

Illustrated notes

Levels and vault maps discovered:
D:1:      minmay_arrival_pointy, layout_basic
D:2:      layout_loops_ring, basic_ecumenical_altar
D:4:      layout_rooms, chequers_temple_overflow_statue_of_worship, st_stairs_12

Skill      XL: |  1  2  3 |
---------------+----------+-----
Unarmed Combat | 3 |  3.9
Spellcasting   | 3 |  3.2
Fighting       | |  1.0
Dodging        | |  1.7
Transmutations | |  1.7

Action                   |  1- 3 |  4- 6 || total
-------------------------+-------+-------++-------
Melee: Unarmed           |    81 |    17 ||    98
       Headbutt          |    14 |     2 ||    16
       Kick              |     8 |       ||     8
       Punch             |     1 |       ||     1
 Cast: Beastly Appendage |    22 |     1 ||    23
       Spider Form       |     2 |     1 ||     3
  Use: Scroll            |     5 |     3 ||     8
 Stab: Sleeping          |     1 |       ||     1
Armor: Robe              |    12 |       ||    12
Dodge: Dodged            |    49 |    21 ||    70

Table legend: (Time is in decaauts)
 A = Elapsed time spent in this place.
 B = Non-inter-level travel time spent in this place.
 C = Inter-level travel time spent in this place.
 D = Time resting spent in this place.
 E = Time spent auto-exploring this place.
 F = Levels seen in this place.
 G = Mean time per level.
                   A        B        C        D        E       F      G
               +--------+--------+--------+--------+--------+-----+--------+
         Total |   2248 |   2180 |     68 |    335 |   1427 |   3 |  749.3 |
       Dungeon |   2248 |   2180 |     68 |    335 |   1427 |   3 |  749.3 |
               +--------+--------+--------+--------+--------+-----+--------+

Top non-repeatable levels by time:
     D:1: 1584 daAuts
     D:2: 599 daAuts
     D:4: 64 daAuts
